 Dungeon Crawl Stone Soup version 0.21-a0-110-g8e1637b (webtiles) character file.

1971 Ordine the Conjurer (level 9, -2/51 HPs)
             Began as a Tengu Wizard on July 10, 2017.
             Was a Follower of Sif Muna.
             Slain by an orc warrior
             ... wielding a +0 war axe
              (12 damage)
             ... on level 5 of the Dungeon.
             The game lasted 00:16:56 (5104 turns).

Ordine the Conjurer (Tengu Wizard)                  Turns: 5104, Time: 00:16:57

Health: -2/51      AC:  6    Str:  8    XL:     9   Next: 20%
Magic:  0/25       EV: 17    Int: 22    God:    Sif Muna [*.....]
Gold:   318        SH:  0    Dex: 15    Spells: 13/16 levels left

rFire    + . .     SeeInvis .   s - +0 falchion
rCold    + . .     Gourm    .   (no shield)
rNeg     . . .     Faith    .   p - +0 robe {rC+ rF+}
rPois    .         Spirit   .   b - +1 hat
rElec    .         Reflect  .   m - +2 cloak
rCorr    .         Harm     .   (no gloves)
MR       .....                  (boots unavailable)
Stlth    ++........             (no amulet)
HPRegen  0.17/turn              g - ring of magical power
MPRegen  0.19/turn              j - +3 ring of dexterity

@: flying quickly and evasively, quick
A: beak, talons 3, able to fly 1
a: Divine Energy, Renounce Religion


You were on level 5 of the Dungeon.
You worshipped Sif Muna.
Sif Muna was aware of your devotion.
You were near starving.

You visited 1 branch of the dungeon, and saw 6 of its levels.

You collected 318 gold pieces.

Inventory:

Hand Weapons
 s - a +0 falchion (weapon)
Armour
 b - a +1 hat (worn)
 m - a +2 cloak (worn)
 p - a +0 robe of resistance (worn)
Jewellery
 g - a ring of magical power (left hand)
 j - a +3 ring of dexterity (right hand)
Wands
 l - a wand of confusion (23/48)
Scrolls
 a - 3 scrolls of remove curse
 f - a scroll of fog
 k - a scroll of teleportation
 q - a scroll of enchant armour
Potions
 h - a potion of might
 n - 2 potions of brilliance {unknown}
 o - 2 potions of flight
Books
 c - a book of Minor Magic

   Spells                             Type                      Level
   a - Magic Dart                     Conjuration                  1
   b - Blink                          Translocation                2
   c - Call Imp                       Summoning                    2
   d - Slow                           Hexes                        2
   e - Conjure Flame                  Conjuration/Fire             3
   f - Mephitic Cloud                 Conjuration/Poison/Air       3
 e - a book of Maledictions

   Spells                             Type                      Level
   a - Corona                         Hexes                        1
   b - Ensorcelled Hibernation        Hexes/Ice                    2
   c - Confuse                        Hexes                        3
   d - Tukima's Dance                 Hexes                        3
   e - Dazzling Spray                 Conjuration/Hexes            3
Comestibles
 d - 6 bread rations
 i - 3 royal jellies


   Skills:
 + Level 3.5 Fighting
 * Level 5.7 Long Blades
 + Level 4.0 Armour
 + Level 4.4 Dodging
 - Level 3.0 Stealth
 - Level 4.0 Spellcasting
 - Level 6.0 Conjurations
   Level 1.2 Summonings
 - Level 3.0 Translocations
 + Level 3.3 Invocations
 + Level 0.2 Evocations


You had 13 spell levels left.
You knew the following spells:

 Your Spells              Type           Power        Failure   Level  Hunger
a - Magic Dart            Conj           ####         1%          1    None
b - Blink                 Tloc           N/A          4%          2    #......


Dungeon Overview and Level Annotations

Branches:
Dungeon (6/15)
 Temple: D:4-7

Altars:
Ashenzari
Fedhas
Gozag
Makhleb
Nemelex Xobeh
Qazlal
Sif Muna
Wu Jian
Xom
Yredelemnul


Innate Abilities, Weirdness & Mutations

You have a beak for a mouth.
You have claws for feet.
You can fly.


Message History

The orc warrior hits you with a war axe.
* * * LOW HITPOINT WARNING * * *
You hit the orc warrior but do no damage.
You claw the orc warrior, but do no damage.
The orc warrior is almost dead.
The orc warrior misses you.
You riposte.
You closely miss the orc warrior.
You claw the orc warrior, but do no damage.
The orc warrior is almost dead.
Casting: Magic Dart
Confirm with . or Enter, or press ? or * to list all spells.
Aiming: Magic Dart
Press: ? - help, Shift-Dir - straight line, f/p - orc warrior
Aim: an orc warrior, wielding a war axe and wearing a chain mail (almost dead)
The magic dart hits the orc warrior.
The orc warrior is almost dead.
It was a potion of flight.
You feel very buoyant.
You swoop lightly up into the air.
The orc warrior hits you with a war axe!
You die...

#.....############ #...
#.........)......###...
##.....##########...##..
#......# ###...#.
###.###### ###... #...#
########## #.###
#######......... #.#
####.......########
#.######o@..#######
#.#......#### #...######
#####


You could see an orc warrior.

Vanquished Creatures
  The ghost of WhatIsLove the Skirmisher, a novice VSAs of Uskayaw (D:5)
  The ghost of WhatIsLove the Sneak, a novice VSAs (D:4)
  Sigmund (D:2)
  A water moccasin (D:5)
  A sky beast (D:5)
  2 centaurs (D:5)
  2 ogres
  A bullfrog (D:5)
  A scorpion (D:5)
  A crimson imp (D:4)
  A quasit (D:6)
  A bullfrog skeleton (D:4)
  3 orc priests
  An orc wizard (D:3)
  Jessica (D:2)
  3 worker ants
  A killer bee zombie (D:5)
  8 adders
  A shadow imp (D:5)
  An ooze (D:1)
  An adder skeleton (D:4)
  An adder zombie (D:6)
  4 worms
  A dart slug (D:3)
  A leopard gecko (D:1)
  17 orcs
  A ball python (D:1)
  4 giant cockroaches
  8 goblins
  14 hobgoblins
  4 jackals (D:5)
  5 quokkas
  4 bats
  14 frilled lizards
  5 kobolds
  A leopard gecko skeleton (D:4)
  8 rats
126 creatures vanquished.

Notes
Turn   | Place    | Note
-------+----------+-------------------------------------------
     0 | D:1      | Ordine the Tengu Wizard began the quest for the Orb.
     0 | D:1      | Reached XP level 1. HP: 10/10 MP: 5/5
    82 | D:1      | Reached skill level 2 in Conjurations
   168 | D:1      | Reached XP level 2. HP: 9/15 MP: 1/7
   178 | D:1      | Learned a level 2 spell: Blink
   717 | D:1      | Reached skill level 1 in Translocations
   867 | D:1      | Reached XP level 3. HP: 19/19 MP: 8/8
  1088 | D:2      | Noticed Jessica
  1094 | D:2      | Killed Jessica
  1094 | D:2      | Reached skill level 3 in Conjurations
  1094 | D:2      | Reached XP level 4. HP: 24/24 MP: 9/9
  1346 | D:2      | Found a burning altar of Makhleb.
  1346 | D:2      | Found a deep blue altar of Sif Muna.
  1346 | D:2      | Found a shattered altar of Ashenzari.
  1468 | D:2      | Became a worshipper of Sif Muna the Loreminder
  1674 | D:2      | Noticed Sigmund
  1692 | D:2      | Killed Sigmund
  1692 | D:2      | Reached skill level 5 in Conjurations
  1692 | D:2      | Gained mutation: You can fly. [Tengu growth]
  1692 | D:2      | Reached XP level 5. HP: 25/28 MP: 9/11
  1692 | D:2      | Reached XP level 6. HP: 29/32 MP: 9/12
  1894 | D:2      | Reached * piety under Sif Muna
  2407 | D:3      | Reached skill level 6 in Conjurations
  2422 | D:3      | Found an ornate altar of the Wu Jian Council.
  2519 | D:3      | Found a blossoming altar of Fedhas.
  2932 | D:4      | Found an opulent altar of Gozag.
  3000 | D:4      | Found a stormy altar of Qazlal.
  3023 | D:4      | Reached skill level 1 in Invocations
  3023 | D:4      | Reached XP level 7. HP: 33/36 MP: 14/14
  3064 | D:4      | Reached skill level 1 in Long Blades
  3176 | D:4      | Noticed WhatIsLove's ghost (novice VSAs)
  3223 | D:4      | Killed WhatIsLove's ghost
  3223 | D:4      | Reached skill level 1 in Fighting
  3223 | D:4      | Reached skill level 1 in Armour
  3378 | D:4      | Reached XP level 8. HP: 40/44 MP: 15/15
  3915 | D:5      | Entered Level 5 of the Dungeon
  3922 | D:5      | Found a sparkling altar of Nemelex Xobeh.
  3946 | D:5      | Found a shimmering altar of Xom.
  3987 | D:5      | Noticed WhatIsLove's ghost (novice VSAs)
  4017 | D:5      | Killed WhatIsLove's ghost
  4329 | D:5      | Reached skill level 5 in Long Blades
  4596 | D:5      | Reached XP level 9. HP: 36/51 MP: 15/16
  4873 | D:5      | Found a basalt altar of Yredelemnul.
  5104 | D:5      | Slain by an orc warrior

Vault maps used:
D:1:      ncdulo_smallfort
D:2:      grunt_temple_overflow_open, first_bread, hangedman_glass_teeth,
          minmay_lizard_pond, uniq_jessica, uniq_sigmund
D:3:      nicolae_overflow_hidden_temple, lemuel_crystal_altar
D:4:      grunt_qazlal_sundering, nicolae_gozag_cash_rules_everything_around_me,
          abandoned_shop
D:5:      old_standard_altar, overflow_temple_1_default, lemuel_crystal_altar
D:6:      nicolae_overflow_crystal_walls, minmay_temple_entry_butterflies

Skill      XL: |  1  2  3  4  5  6  7  8  9 |
---------------+----------------------------+-----
Conjurations   | 2 3 5 6 |  6.0
Translocations | 1 2 3 |  3.0
Stealth        | 3 |  3.0
Spellcasting   | 4 |  4.0
Invocations    | 1 2 3 |  3.3
Long Blades    | 2 5 |  5.7
Fighting       | 1 3 |  3.5
Armour         | 2 3 4 |  4.0
Dodging        | 4 |  4.4
Summonings     | |  1.2
Evocations     | |  0.2

Action                   |  1- 3 |  4- 6 |  7- 9 || total
-------------------------+-------+-------+-------++-------
Melee: Dagger            |     2 |     7 |       ||     9
       Peck              |     1 |     1 |     6 ||     8
       Kick              |       |     2 |    14 ||    16
       Falchion          |       |     2 |    40 ||    42
 Cast: Magic Dart        |    59 |   159 |   203 ||   421
       Blink             |       |       |     4 ||     4
 Abil: Fly               |       |       |     1 ||     1
  Use: Scroll            |     3 |     5 |     3 ||    11
       Potion            |       |       |     6 ||     6
 Stab: Sleeping          |       |       |     1 ||     1
  Eat: Chunk             |       |     6 |     5 ||    11
Armor: Robe              |     1 |     6 |    28 ||    35
       Skin              |       |       |    45 ||    45
Dodge: Dodged            |     4 |    34 |    97 ||   135
       Rpst.: Falchion   |       |     1 |    26 ||    27
